 Dungeon Crawl Stone Soup version 0.29-a0-553-g81b289dbe5 (webtiles) character file.

Game seed: 7671389377395618325

257 snetch the Magician (level 6, 0/43 HPs)
             Began as a Djinni Fire Elementalist on June 6, 2022.
             Slain by Grinder (2 damage)
             ... on level 4 of the Dungeon.
             The game lasted 00:10:40 (3542 turns).

snetch the Magician (Djinni Fire Elementalist)      Turns: 3542, Time: 00:10:41

Health: 0/43       AC:  3    Str: 13    XL:     6   Next: 39%
Gold:   195        EV: 16    Int: 19    God:
                   SH:  0    Dex: 13

rFire   + + .      SeeInvis .   p - +0 falchion
rCold   x . .      Faith    .   (no shield)
rNeg    . . .      Spirit   .   g - +0 leather armour
rPois   ∞          Reflect  .   (no helmet)
rElec   .          Harm     .   (no cloak)
rCorr   .          Rampage  .   (no gloves)
Will    .....                   (boots unavailable)
Stlth   ++........              (no amulet)
HPRegen 0.14/turn               r - +4 ring of evasion
MPRegen 0.00/turn               v - +6 ring of strength

@: flying
A: sickness immunity, fire resistance 2, cold vulnerability 1, float, innate
caster, HP casting, extra vitality 1
a: no special abilities


You were on level 4 of the Dungeon.
You visited 1 branch of the dungeon, and saw 4 of its levels.
You also visited: Sewer.

You collected 195 gold pieces.

Inventory:

Hand Weapons
 a - a +0 short sword
 b - a +0 war axe
 j - a +0 trident
 p - a +0 falchion (weapon)
 w - a +0 trident
Missiles
 d - 139 stones
 n - 17 javelins
 u - 6 poisoned darts
Armour
 g - a +0 leather armour (worn)
 h - a +0 plate armour
 m - a +0 pair of gloves
Jewellery
 q - a ring of fire
 r - a +4 ring of evasion (left hand)
 v - a +6 ring of strength (right hand)
Scrolls
 c - 5 scrolls of identify {unknown}
 i - 2 scrolls of fear {unknown}
 l - 2 scrolls of teleportation
 o - 2 scrolls of noise {unknown}
Potions
 e - a potion of berserk rage {unknown}
 f - a potion of invisibility {unknown}
 k - 5 potions of flight
 s - 3 potions of degeneration {unknown}
 t - 2 potions of heal wounds {unknown}


   Skills:
 * Level 2.3 Fighting
 + Level 1.5 Armour
 + Level 2.7 Dodging
 + Level 2.0 Stealth
 + Level 4.2 Spellcasting


You couldn't memorise any spells.
You knew the following spells:

 Your Spells              Type           Power      Damage    Failure   Level
a - Foxfire               Conj/Fire      80%        2x1d8     3%          1
b - Scorch                Fire           40%        2d7       4%          2
c - Conjure Flame         Conj/Fire      20%        6-21      9%          3
d - Inner Flame           Hex/Fire       20%        N/A       9%          3
e - Flame Wave            Conj/Fire      20%        2d7       30%         4
f - Magic Dart            Conj           80%        1d7       3%          1
g - Passwall              Tmut/Erth      16%        N/A       4%          2
Your spell library was empty.

Dungeon Overview and Level Annotations

Branches:
Dungeon (4/15)              Sewer (visited)
 Temple: D:4-7

Altars:
Makhleb

Annotations:
D:1 items behind statues
D:4 Grinder


Innate Abilities, Weirdness & Mutations

You are immune to sickness and miasma.
You are immune to poison.
Your flesh is very heat resistant. (rF++)
You are vulnerable to cold. (rC-)
You float through the air rather than walking.
You learn spells naturally, not from books.
Your magical power is your life essence.
You have superior vitality. (+4 MHP)


Message History

The iguana closely misses you.
The necrophage hits you but does no damage.
Unknown command.
The iguana is no longer more vulnerable to fire.
Casting: Foxfire (safe; 3% risk of failure)
Confirm with . or Enter, or press ? or * to list all spells.
Flames lash the iguana.
You kill the iguana!
The necrophage hits you.
* * * LOW HITPOINT WARNING * * *
Casting: Scorch (safe; 4% risk of failure)
Confirm with . or Enter, or press ? or * to list all spells.
Flames lash the necrophage.
The necrophage is heavily damaged.
The necrophage's fire resistance burns away.
* * * LOW HITPOINT WARNING * * *
The necrophage closely misses you.
Casting: Scorch (safe; 4% risk of failure)
Confirm with . or Enter, or press ? or * to list all spells.
Flames lash Grinder.
Grinder is burned terribly!
Grinder is severely wounded.
* * * LOW HITPOINT WARNING * * *
The necrophage hits you.
* * * LOW HITPOINT WARNING * * *
Grinder blinks!
Casting: Scorch (safe; 4% risk of failure)
Confirm with . or Enter, or press ? or * to list all spells.
Flames lash Grinder.
Grinder is burned terribly!
Grinder is almost dead.
* * * LOW HITPOINT WARNING * * *
The necrophage closely misses you. Grinder gestures at you.
Pain shoots through your body!
* * * LOW HITPOINT WARNING * * *
Casting: Scorch (safe; 4% risk of failure)
Confirm with . or Enter, or press ? or * to list all spells.
You don't have enough health to cast this spell.
The necrophage attacks as you move away!
The necrophage misses you. Grinder hits you.
You die...

..$ .... #....
#..... #...... ..
##....... ..
###$......# ..##
#####5n........
#..#
#####....@###......
#..#####.....#####
#....#
#..#.....#####
..?## ......####
.... ....### ...
....# ... ....#
....# ....#


You could see Grinder (combustible) and a necrophage (combustible).

Vanquished Creatures
  An iguana (D:4)
  A merfolk siren (Sewer)
  A merfolk avatar (Sewer)
  2 river rats (Sewer)
  6 adders
  3 worms (D:2)
  A dart slug (D:2)
  2 orcs (D:3)
  7 bats
  9 endoplasms
  5 giant cockroaches
  4 goblins
  7 hobgoblins
  2 jackals (D:2)
  10 kobolds
  5 quokkas
  9 ball pythons
  7 frilled lizards
  26 rats
108 creatures vanquished.

Vanquished Creatures (collateral kills)
  A foxfire (D:4)
1 creature vanquished.

Vanquished Creatures (others)
  122 foxfires
122 creatures vanquished.

Grand Total: 231 creatures vanquished

Notes
Turn   | Place    | Note
-------+----------+-------------------------------------------
     0 | D:1      | snetch the Djinni Fire Elementalist began the quest for the
                  | Orb.
     0 | D:1      | Reached XP level 1. HP: 15/15 MP: 0/0
   108 | D:1      | Reached XP level 2. HP: 17/21 MP: 0/0
   629 | D:1      | Reached XP level 3. HP: 21/26 MP: 0/0
   629 | D:1      | Learned a level 1 spell: Magic Dart
   638 | D:1      | Reached skill level 3 in Spellcasting
  1273 | D:3      | Reached skill level 1 in Fighting
  1275 | D:3      | Found a burning altar of Makhleb.
  1335 | D:3      | Reached XP level 4. HP: 17/32 MP: 0/0
  1593 | D:3      | Found a glowing drain.
  1597 | Sewer    | Entered a sewer
  1801 | Sewer    | Reached XP level 5. HP: 34/37 MP: 0/0
  1801 | Sewer    | Learned a level 2 spell: Passwall
  2022 | Sewer    | Noticed a malarious merfolk avatar
  2039 | Sewer    | Reached skill level 1 in Armour
  2041 | Sewer    | Killed a malarious merfolk avatar
  2494 | D:2      | Reached skill level 4 in Spellcasting
  2514 | D:2      | Reached XP level 6. HP: 37/43 MP: 0/0
  3526 | D:4      | Noticed Grinder
  3541 | D:4      | HP: 2/43 [Grinder/nerve-wracking pain (2)]
  3542 | D:4      | Slain by Grinder

Illustrated notes

Levels and vault maps discovered:
D:1:      matt_arrival_spirals, layout_basic, minmay_statues_item,
          minmay_nonomino_d4
D:2:      layout_loops_ring
D:3:      kennysheep_six_static_rooms, layout_rooms, marbit_many_paths,
          gup_sewer_entry_spiral, chequers_mini_garden
D:4:      layout_cave_pods, nicolae_ossuary_entry_ruins, dreamdust_gnoll_farm,
          uniq_menkaure, uniq_crazy_yiuf_cottage, uniq_grinder

Skill      XL: |  1  2  3  4  5 |
---------------+----------------+-----
Spellcasting   | 3 4 |  4.2
Fighting       | 1 2 |  2.3
Stealth        | 2 |  2.0
Armour         | 1 |  1.5
Dodging        | |  2.7

Action                   |  1- 3 |  4- 6 || total
-------------------------+-------+-------++-------
Melee: Short sword       |    15 |    54 ||    69
       Punch             |       |     2 ||     2
       Falchion          |       |    10 ||    10
 Cast: Foxfire           |    51 |    22 ||    73
       Scorch            |     4 |    58 ||    62
       Magic Dart        |     3 |       ||     3
 Stab: Sleeping          |     2 |       ||     2
Armor: Robe              |     1 |       ||     1
       Leather armour    |     2 |    29 ||    31
Dodge: Dodged            |    14 |    57 ||    71

Table legend: (Time is in decaauts)
 A = Elapsed time spent in this place.
 B = Non-inter-level travel time spent in this place.
 C = Inter-level travel time spent in this place.
 D = Time resting spent in this place.
 E = Time spent auto-exploring this place.
 F = Levels seen in this place.
 G = Mean time per level.
                   A        B        C        D        E       F      G
               +--------+--------+--------+--------+--------+-----+--------+
         Total |   3550 |   3381 |    169 |     10 |   2225 |   5 |  710.0 |
       Dungeon |   2739 |   2570 |    169 |     10 |   1685 |   4 |  684.8 |
         Sewer |    810 |    810 |      0 |      0 |    540 |   1 |  810.0 |
               +--------+--------+--------+--------+--------+-----+--------+

Top non-repeatable levels by time:
     D:1: 1113 daAuts
     D:2: 846 daAuts
   Sewer: 810 daAuts
     D:3: 738 daAuts
     D:4: 41 daAuts
